AoeStats
← Green Assassin

Coastal Forest

503401196Analyzed
4v4 RM · 1mo ago on Aug 31, 2026· 53m 14s· 8 players
Game mode
Random Map
Map size
Large (8 player)
Population
200
Speed
Normal
Resources
Standard
Victory
Conquest
Starting age
Dark Age
Ending age
Imperial Age
RankedLock teamsTeams togetherTeam positionsShared explorationLock speedFull tech treeHidden civsTurbo modeCheats
Victory
Defeat
🇨🇿 Teutons · Czechia
1271
+12
🇩🇪 Mongols · Germany
1255
+13
🇬🇷 Burgundians · Greece
1249
+13
🇹🇷 Vikings · Türkiye
1243
+13
🇹🇼 Teutons · Taiwan
1225
-15
🇨🇱 Turks · Chile
1202
-14
🇨🇳 Spanish · China
1194
-13
🇹🇼 Franks · Taiwan
1129
-10
飘叶
10:00 Feudal Age
12:34 Loom
15:02 Castle Age
13:23 Stone Mining
13:59 Double-Bit Axe
17:29 Husbandry
19:46 Loom
21:01 Bow Saw
25:55 Horse Collar
28:00 Gold Mining
29:22 Heavy Plow
30:31 Husbandry
32:31 Wheelbarrow
37:09 Imperial Age
34:50 Scale Barding Armor
35:29 Hand Cart
36:00 Chain Barding Armor
35:41 Padded Archer Armor
38:08 Stone Shaft Mining
38:26 Plate Barding Armor
38:02 Forging
38:15 Conscription
37:44 Elite Conquistador
39:38 Bloodlines
40:24 Leather Archer Armor
41:42 Chemistry
41:03 Ballistics
41:52 Ring Archer Armor
42:29 Iron Casting
42:47 Hoardings
44:05 Caravan
44:21 Elite Skirmisher
45:42 Bombard Tower
48:36 Fletching
49:15 Bodkin Arrow
yes my lord
11:11 Feudal Age
10:21 Loom
15:37 Castle Age
14:03 Double-Bit Axe
14:45 Horse Collar
16:29 Bow Saw
17:29 Heavy Plow
20:42 Wheelbarrow
23:08 Scale Barding Armor
23:30 Bloodlines
23:17 Town Watch
24:23 Chain Barding Armor
25:16 Gold Mining
26:14 Forging
29:00 Iron Casting
30:38 Hand Cart
32:23 Stone Mining
37:14 Imperial Age
35:48 Scale Mail Armor
35:10 Pikeman
35:36 Arson
35:52 Squires
36:45 Chain Mail Armor
37:38 Cavalier
38:55 Plate Barding Armor
39:21 Blast Furnace
39:26 Plate Mail Armor
39:14 Guilds
39:07 Caravan
40:22 Conscription
40:29 Crenellations
40:00 Fletching
41:14 Stone Shaft Mining
40:14 Paladin
43:44 Bodkin Arrow
44:32 Padded Archer Armor
44:13 Elite Teutonic Knight
44:22 Halberdier
46:53 Hoardings
Whast | Ku The Last
11:08 Feudal Age
11:19 Loom
15:48 Castle Age
14:12 Double-Bit Axe
22:55 Fletching
23:32 Medium Warships
24:52 Bodkin Arrow
26:38 Fishing Lines
32:30 Imperial Age
33:09 Scale Barding Armor
33:16 Forging
33:47 Bracer
34:21 Heavy Warships
34:42 Husbandry
34:57 Bloodlines
34:59 Cavalier
36:07 Heavy Camel Rider
38:39 Conscription
39:23 Chain Barding Armor
39:39 Iron Casting
chiehlin829
11:49 Feudal Age
20:04 Castle Age
18:24 Scale Barding Armor
19:53 Forging
19:36 Double-Bit Axe
24:18 Husbandry
26:37 Pikeman
29:09 Gold Mining
34:01 Imperial Age
31:52 Bow Saw
33:57 Gold Shaft Mining
33:12 Stone Mining
34:38 Iron Casting
34:51 Wheelbarrow
34:01 Light Cavalry
35:08 Ballistics
34:30 Cavalier
35:48 Murder Holes
37:31 Chemistry
38:00 Paladin
44:10 Chain Barding Armor
44:50 Blast Furnace
47:04 Plate Barding Armor
45:54 Elite Skirmisher
46:42 Fletching
46:54 Padded Archer Armor
48:56 Fortified Wall
[BPGr] AynenOyle
4:11 Loom
11:50 Feudal Age
12:53 Double-Bit Axe
17:22 Castle Age
15:28 Fletching
15:40 Padded Archer Armor
16:18 Gold Mining
18:41 Bow Saw
18:27 Bodkin Arrow
18:33 Fishing Lines
18:47 Town Watch
18:53 Fishing Lines
19:25 Town Watch
20:33 Leather Archer Armor
23:27 Gold Shaft Mining
23:09 Clinker Construction
23:13 Careening
28:18 Ballistics
33:26 Imperial Age
32:11 Siphons
33:23 Stone Mining
33:28 Elite Longship
34:14 Bracer
35:24 Chemistry
34:46 Medium Warships
35:36 Conscription
36:38 Carvel Hull
36:54 Dry Dock
37:08 Bogsveigar
36:44 Elite Cannon Galleon
37:19 Horse Collar
38:30 Ring Archer Armor
39:21 Heavy Warships
41:12 Scale Mail Armor
41:22 Forging
42:29 Chain Mail Armor
42:49 Iron Casting
42:16 Chieftains
41:37 Elite Berserk
42:53 Hoardings
42:16 Murder Holes
42:32 Masonry
42:04 Treadmill Crane
43:42 Plate Mail Armor
43:15 Squires
43:01 Arson
43:30 Heavy Plow
44:08 Siege Engineers
44:34 Architecture
47:32 Town Patrol
48:39 Blast Furnace
48:46 Caravan
49:17 Coinage
49:02 Caravan
50:41 Two-Man Saw
51:38 Crop Rotation
51:08 Sappers
51:54 Fortified Wall
HaxorRomadur
7:27 Loom
10:25 Feudal Age
8:41 Loom
17:08 Castle Age
14:58 Horse Collar
15:06 Double-Bit Axe
15:27 Horse Collar
18:32 Heavy Plow
21:29 Gold Mining
23:40 Wheelbarrow
23:10 Stone Mining
23:55 Fletching
25:24 Bloodlines
26:09 Bow Saw
26:24 Fortified Wall
28:25 Scale Barding Armor
34:36 Imperial Age
33:10 Chain Barding Armor
33:01 Forging
33:27 Hand Cart
33:16 Bodkin Arrow
34:39 Cavalier
35:45 Conscription
36:28 Chemistry
36:07 Plate Barding Armor
36:07 Iron Casting
35:56 Paladin
39:25 Blast Furnace
40:14 Caravan
44:21 Pikeman
45:42 Squires
45:29 Arson
45:10 Halberdier
46:00 Scale Mail Armor
46:36 Town Watch
48:28 Chain Mail Armor
51:42 Hoardings
Green Assassin
0:27 Loom
10:30 Feudal Age
11:24 Double-Bit Axe
14:22 Fishing Lines
17:31 Castle Age
15:18 Horse Collar
16:01 Stone Mining
16:09 Fishing Lines
16:46 Fletching
18:26 Wheelbarrow
21:50 Gold Mining
23:46 Bodkin Arrow
24:21 Gillnets
25:37 Ballistics
27:03 Padded Archer Armor
30:45 Hand Cart
33:05 Caravan
35:47 Imperial Age
34:12 Heavy Plow
34:28 Bow Saw
35:17 Leather Archer Armor
36:31 Bracer
37:52 Chemistry
37:39 Conscription
38:15 Bloodlines
38:06 Husbandry
38:35 Parthian Tactics
38:16 Thumb Ring
38:39 Elite Mangudai
40:09 Siege Engineers
41:05 Drill
52:54 Nomads
aLaNi
5:07 Loom
11:09 Feudal Age
10:19 Double-Bit Axe
18:30 Castle Age
16:27 Horse Collar
18:13 Bow Saw
18:35 Scale Barding Armor
18:56 Heavy Plow
18:49 Cavalier
20:27 Forging
24:43 Husbandry
25:33 Chain Barding Armor
32:18 Wheelbarrow
31:14 Elite Skirmisher
33:03 Iron Casting
35:33 Two-Man Saw
35:08 Crop Rotation
38:34 Imperial Age
37:20 Padded Archer Armor
37:11 Fletching
37:21 Scale Mail Armor
37:52 Hand Cart
37:46 Town Watch
38:21 Leather Archer Armor
37:59 Pikeman
38:46 Squires
38:33 Arson
38:14 Light Cavalry
39:01 Halberdier
40:49 Chemistry
39:16 Paladin
42:02 Chain Mail Armor
41:44 Bodkin Arrow
42:50 Blast Furnace
43:25 Hussar
46:58 Gold Mining
52:11 Bracer
52:42 Plate Mail Armor
54:11 Ballistics
Connection lost

Rejoining the realm…

Still unreachable

The connection could not be restored.

Session expired

The server has moved on; the page needs a fresh start.